 Dungeon Crawl Stone Soup version 0.31.0-9-g3a7656b989 (webtiles) character file.

Game seed: 14555205882366953690

23 qw the Shooter (level 2, -1/16 HPs)
             Began as a Deep Elf Hunter on Feb 2, 2024.
             Succumbed to their own poison gas
             ... on level 1 of the Dungeon.
             The game lasted 00:00:02 (1102 turns).

qw the Shooter (Deep Elf Hunter)                    Turns: 1102, Time: 00:00:03

Health: -1/16      AC:  7    Str:  8    XL:     2   Next: 75%
Magic:  4/4        EV: 10    Int: 13    God:
Gold:   43         SH:  0    Dex: 18    Spells: 1/1 levels left

rFire   . . .        a - +0 shortbow
rCold   . . .        (shield currently unavailable)
rNeg    . . .        f - +2 ring mail
rPois   .            (no helmet)
rElec   .            (no cloak)
rCorr   .            (no gloves)
SInv    .            (no boots)
Will    .....        (no amulet)
Stlth   +            (no ring)
HPRegen 0.22/turn    (no ring)
MPRegen 0.09/turn

%: no passive effects
@: lethally poisoned (-1 -> -13)
A: no striking features
a: no special abilities


You were on level 1 of the Dungeon.
You visited 1 branch of the dungeon, and saw 1 of its levels.

You collected 43 gold pieces.


   Skills:
 - Level 1.5 Fighting
 + Level 6.5 Ranged Weapons
 - Level 2.4 Dodging
 - Level 1.2 Stealth


You had one spell level left.
You didn't know any spells.
Your spell library was empty.

Inventory:

Hand Weapons
 a - a +0 shortbow (weapon)
Armour
 f - a +2 ring mail (worn)
Potions
 d - 2 potions of mutation

Dungeon Overview and Level Annotations

Branches:
Dungeon (1/15)

Altars:


Message History

1095 ||| DROPPING potion of lignification.
You drop a potion of lignification.
Done exploring.
What level of the Dungeon? (default 1, ? - help) Sorry, I don't know how to get there.
Enter note:
Enter note:
Enter note:
Enter note:
Enter note:
Enter note:
Enter note:
Enter note:
Enter note:
Enter note:
Enter note:
Enter note:
Enter note:
Enter note:
Enter note: You are engulfed in poison gas.
You are lethally poisoned!
You feel very sick.
1097 ||| Stepping ~*~*~tactically~*~*~ (cloud).
You feel very sick.
Things that are here:
a potion of lignification; a scroll of butterflies; a +0 leather armour
1098 ||| DRINKING potion of curing.
You feel better.
1098 ||| (to cure poison)
You are engulfed in poison gas.
You are lethally poisoned!
You feel very sick.
1100 ||| Stepping ~*~*~tactically~*~*~ (cloud).
You feel very sick.
Things that are here:
a potion of lignification; a scroll of butterflies; a +0 leather armour
There is a lethal amount of poison in your body!
You feel very sick.
There is a lethal amount of poison in your body!
You die...

#.#........# #.#
#¤#.0¤¤¤...# #.#
#¤#¤¤¤¤¤..:# #.#
#######0#¤0000...# #.#
#¤¤0¤¤¤0¤¤00¤¤...#####.#
#¤¤00¤0¤¤00¤¤¤.........#
#00¤00¤¤000¤00...##.....
#0¤¤¤¤¤¤0¤0¤0##.###.....
#0¤¤00¤@¤0¤00##.###.....
#########0000##.:.......
#.¤00¤....#.....
#########.#.....
#.#..... #.####.#
#####.####.#
#...#..##... ##########
#...##.#####


There were no monsters in sight!

Vanquished Creatures
  A dart slug (D:1)
  5 ball pythons (D:1)
  3 endoplasms (D:1)
  6 goblins (D:1)
  2 hobgoblins (D:1)
  2 frilled lizards (D:1)
  A kobold (D:1)
  A rat (D:1)
21 creatures vanquished.

Notes
Turn   | Place    | Note
-------+----------+-------------------------------------------
     0 | D:1      | qw the Deep Elf Hunter began the quest for the Orb.
     0 | D:1      | Reached XP level 1. HP: 12/12 MP: 3/3
     0 | D:1      | 0 ||| qw: Version: 0.3-a-155-g5e7d8dd
     0 | D:1      | 0 ||| qw: Game counter: 1387
     0 | D:1      | 0 ||| qw: Melee chars always use a shield: true
     0 | D:1      | 0 ||| qw: God list: Okawaru
     0 | D:1      | 0 ||| qw: Allow faded altars: false
     0 | D:1      | 0 ||| qw: Do Orc after clearing Dungeon:15 true
     0 | D:1      | 0 ||| qw: Do second Lair branch before Depths: true
     0 | D:1      | 0 ||| qw: Lair rune preference: random
     0 | D:1      | 0 ||| qw: Goals: Normal
     0 | D:1      | 0 ||| PLANNING D:1-11
    71 | D:1      | Reached skill level 6 in Ranged Weapons
    71 | D:1      | Reached XP level 2. HP: 10/16 MP: 4/4
   947 | D:1      | 947 ||| UPGRADING to +0 ring mail.
   957 | D:1      | 957 ||| DROPPING +0 leather armour.
   958 | D:1      | 958 ||| READING scroll labelled RUJAUR ROMAJISM.
   986 | D:1      | 986 ||| READING scroll labelled LEROAN DISKIOT.
  1087 | D:1      | 1087 ||| READING 2 scrolls labelled QOYBEA IDGHUG.
  1087 | D:1      | 1087 ||| ENCHANTING +0 ring mail.
  1088 | D:1      | 1088 ||| READING scroll of enchant armour.
  1088 | D:1      | 1088 ||| ENCHANTING +1 ring mail.
  1089 | D:1      | 1089 ||| READING scroll labelled PUUFEENKOR.
  1090 | D:1      | 1090 ||| READING 3 scrolls labelled FAWIALO CEXOAT.
  1090 | D:1      | 1090 ||| IDENTIFYING lumpy puce potion
  1091 | D:1      | 1091 ||| READING 2 scrolls of identify.
  1091 | D:1      | 1091 ||| IDENTIFYING green potion
  1092 | D:1      | 1092 ||| READING scroll of identify.
  1092 | D:1      | 1092 ||| IDENTIFYING 2 fuming silvery potions
  1093 | D:1      | 1093 ||| READING scroll labelled GAFFUNN BAXI.
  1094 | D:1      | 1094 ||| DROPPING scroll of butterflies.
  1095 | D:1      | 1095 ||| DROPPING potion of lignification.
  1097 | D:1      | 1097 ||| Stepping ~*~*~tactically~*~*~ (cloud).
  1098 | D:1      | 1098 ||| DRINKING potion of curing.
  1098 | D:1      | 1098 ||| (to cure poison)
  1100 | D:1      | 1100 ||| Stepping ~*~*~tactically~*~*~ (cloud).
  1101 | D:1      | HP: 2/16 [poisoned by you (poison gas)]
  1102 | D:1      | Succumbed to their own poison gas

Levels and vault maps discovered:
D:1:      spicycebolla_green_bress_n_ham, layout_basic

Skill      XL: |  1 |
---------------+----+-----
Ranged Weapons | 6 |  6.5
Fighting       | |  1.5
Dodging        | |  2.4
Stealth        | |  1.2

Action                     || total
---------------------------++-------
   Fire: Shortbow          ||    44
    Use: Scroll            ||     9
         Potion            ||     1
 Armour: Leather armour    ||     5
  Dodge: Dodged            ||     2

Table legend:
 A = Non-vault XP
 B = Vault XP
 C = Vault XP percentage of total XP
 D = Non-vault monster count
 E = Vault monster count
 F = Vault count percentage of total count
                 A         B        C        D         E       F
            +---------+---------+-------+---------+---------+-------
      Total |      34 |       0 |   0.0 |      21 |       0 |   0.0
            +---------+---------+-------+---------+---------+-------
        D:1 |      34 |       0 |   0.0 |      21 |       0 |   0.0
            +---------+---------+-------+---------+---------+-------
